 Dungeon Sprint DCSS version 0.19.1 (webtiles) character file.

13500 KingBobo974 the Wrestler (level 11, 0/94 HPs)
             Began as a Troll Berserker on Dec 10, 2016.
             Was the Champion of Trog.
             Killed by divine providence
             ... invoked by a daeva
              (10 damage)
             ... in the Dungeon (Sprint I: "Red Sonja").
             The game lasted 00:18:31 (1232 turns).

KingBobo974 the Wrestler (Troll Berserker)          Turns: 1232, Time: 00:18:31

Health: 0/94       AC:  5    Str: 29      XL:     11   Next: 76%
Magic:  5/10       EV: 10    Int:  3      God:    Trog [******]
Gold:   462        SH:  0    Dex:  8 (9)  Spells: 0 memorised, 10 levels left

rFire  . . .     SeeInvis .       - Unarmed
rCold  + . .     Gourm    +     a - +0 animal skin
rNeg   . . .     Faith    .     (no shield)
rPois  .         Spirit   .     (helmet restricted)
rElec  .         Reflect  .     (no cloak)
rCorr  .         Harm     .     (gloves unavailable)
MR     ++...     Rnd*Rage +     (boots unavailable)
Stlth  +......... NoTele   +    r - amulet of regeneration
                                p - +3 ring of strength
                                j - ring of protection from cold

@: exhausted, very slightly contaminated, regenerating, slowed, glowing, very
slow
A: unfitting armour, claws 3, berserk 2, blurry vision 1, deterioration 1, fast
metabolism 3, gourmand, regeneration 1, shaggy fur 1, tough skin 2, weak 2,
subdued magic 1
a: Berserk, Trog's Hand, Brothers in Arms, Burn Spellbooks, Renounce Religion


You were in the Dungeon.
You worshipped Trog.
Trog was exalted by your worship.
You were very hungry.

You visited 1 branch You collected 1771 gold pieces.
You spent 1309 gold pieces at shops.

Inventory:

Hand Weapons
 b - a +2 fustibalus of freezing
 c - a +2 longbow of flaming
 t - a +0 antimagic dire flail
 u - a +0 antimagic short sword
Armour
 a - a +0 animal skin (worn)
 q - a +1 robe of magic resistance
Jewellery
 i - an uncursed amulet of magic regeneration
 j - a ring of protection from cold (left claw)
 p - a +3 ring of strength (right claw)
 r - an amulet of regeneration (around neck)
Wands
 k - a wand of polymorph (13/24)
Scrolls
 l - a scroll of summoning {unknown}
 n - 3 scrolls of identify {unknown}
 s - a scroll of amnesia {unknown}
Potions
 d - a potion of cancellation {unknown}
 e - a potion of haste
 f - 2 potions of magic
 g - a potion of berserk rage
Miscellaneous
 o - a crystal ball of energy


   Skills:
 - Level 2.4 Fighting
 - Level 2.4 Dodging
 * Level 25.9 Unarmed Combat


You had 10 spell levels left.
You didn't know any spells.

Dungeon Overview and Level Annotations

Branches:
Dungeon (1/1)

Altars:
Cheibriados
Dithmenos
Elyvilon
Fedhas
Gozag
Hepliaklqana
Kikubaaqudgha
Makhleb
Nemelex Xobeh
Okawaru
Qazlal
Ru
Sif Muna
Trog
Uskayaw
Vehumet
Xom
Yredelemnul
Zin
The Shining One
Jiyva
Lugonu

Shops:
D (*%=(*(?[!%?!==[*


Innate Abilities, Weirdness & Mutations

You are too large for most types of armour.
You have claws for hands.
Your metabolism is lightning-fast.
You like to eat raw meat.
Your natural rate of healing is unusually fast.
You are covered in fur. (AC +1)
You have very tough skin. (AC +2)
You often lose your temper in combat.
Scrolls take you a little longer to read.
Your body sometimes deteriorates upon taking damage.
You are very weak. (Str -4)
Your spells are a little easier to cast, but a little less powerful.


Message History

You begin reading the scroll.
You continue reading the scroll.
The unseen horror hits you. The unseen horror hits you!
* * * LOW HITPOINT WARNING * * *
Your body deteriorates!
You feel clumsy. The unseen horror hits you!
* * * LOW HITPOINT WARNING * * *
The unseen horror closely misses you.
Blink to where?
Press: ? - help, Dir - move target cursor You are very lightly contaminated with residual magic.
As you read the scroll of blinking, it crumbles to dust.
You feel better. The unseen horror hits you.
* * * LOW HITPOINT WARNING * * *
The unseen horror hits you.
* * * LOW HITPOINT WARNING * * *
The unseen horror hits you.
* * * LOW HITPOINT WARNING * * *
The daeva calls down the wrath of the Shining One upon you.
The Shining One smites you!
You die...

###################
)..#..#§§§(§§§...§+
).†##'#.####§§§§.#
..)'.§#§#
##§§§#####
####.§§§# ###{#
))## ..##+####
#§##$$$# ..#
#x@###$# ..#
##x#A#$# #'###
#§.###$# #.'.#
#.##..$# ###.# #..
+### ∩##.# ##..
###§# ##. .##.# .#
.§'§# #


You could see a daeva and 2 unseen horrors.

Vanquished Creatures
  2 centaur warriors (D)
  Sonja (D)
  3 unseen horrors (D)
  A deep troll (D)
  A lindwurm (D)
  8 shining eyes (D)
  An oklob plant (D)
  2 kobold demonologists (D)
  4 demonic crawlers (D)
  A hornet (D)
  A slime creature (D)
  2 redbacks (D)
  Sigmund (D)
  A yak (D)
  13 hogs (D)
  6 floating eyes (D)
  An ogre (D)
  7 necrophages (D)
  8 jellies (D)
  Ijyb (D)
65 creatures vanquished.

Vanquished Creatures (others)
  A gargoyle (D)
1 creature vanquished.

Grand Total: 66 creatures vanquished

Notes
Turn   | Place    | Note
-------+----------+-------------------------------------------
     0 | D        | KingBobo974 the Troll Berserker began the quest for the Orb.
     0 | D        | Reached XP level 1. HP: 22/22 MP: 0/0
     1 | D        | Noticed Ijyb
     7 | D        | Killed Ijyb
     7 | D        | Reached skill level 6 in Unarmed Combat
     7 | D        | Reached XP level 2. HP: 23/29 MP: 1/1
    10 | D        | Noticed an ogre
    13 | D        | Killed an ogre
    13 | D        | Reached skill level 9 in Unarmed Combat
    13 | D        | Reached XP level 3. HP: 36/36 MP: 2/2
    13 | D        | Reached XP level 4. HP: 44/44 MP: 3/3
    66 | D        | Noticed Sigmund
    84 | D        | Killed Sigmund
    84 | D        | Reached ** piety under Trog
    84 | D        | Reached skill level 12 in Unarmed Combat
    84 | D        | Reached XP level 5. HP: 39/50 MP: 4/4
    98 | D        | Found a deep blue altar of Sif Muna.
   100 | D        | Found a radiant altar of Vehumet.
   104 | D        | Reached XP level 6. HP: 57/59 MP: 5/5
   115 | D        | Found Zecreuv's Assorted Antiques.
   115 | D        | Found an ancient bone altar of Kikubaaqudgha.
   115 | D        | Found a hazy altar of Hepliaklqana.
   115 | D        | Found a stormy altar of Qazlal.
   115 | D        | Found a hide-covered altar of Uskayaw.
   115 | D        | Found a blossoming altar of Fedhas.
   115 | D        | Found a bloodstained altar of Trog.
   115 | D        | Found an iron altar of Okawaru.
   115 | D        | Found a basalt altar of Yredelemnul.
   115 | D        | Found a glowing golden altar of the Shining One.
   115 | D        | Found a snail-covered altar of Cheibriados.
   115 | D        | Found a sacrificial altar of Ru.
   115 | D        | Found a glowing silver altar of Zin.
   115 | D        | Found a shadowy altar of Dithmenos.
   115 | D        | Found a white marble altar of Elyvilon.
   115 | D        | Noticed a yak
   119 | D        | Killed a yak
   119 | D        | Reached skill level 14 in Unarmed Combat
   120 | D        | Found an opulent altar of Gozag.
   121 | D        | Found a sparkling altar of Nemelex Xobeh.
   125 | D        | Bought a twisted ruby amulet for 135 gold pieces
   152 | D        | Bought a blackened emerald ring for 135 gold pieces
   166 | D        | Found a burning altar of Makhleb.
   166 | D        | Found a viscous altar of Jiyva.
   166 | D        | Found a shimmering altar of Xom.
   166 | D        | Found a corrupted altar of Lugonu.
   166 | D        | Noticed a slime creature
   171 | D        | Killed a slime creature
   171 | D        | Reached *** piety under Trog
   171 | D        | Reached skill level 15 in Unarmed Combat
   171 | D        | Reached XP level 7. HP: 22/66 MP: 6/6
   252 | D        | Noticed a kobold demonologist
   253 | D        | Noticed a kobold demonologist
   255 | D        | Noticed a neqoxec
   264 | D        | Noticed a ynoxinul
   266 | D        | Killed a kobold demonologist
   266 | D        | Reached skill level 16 in Unarmed Combat
   268 | D        | Killed a kobold demonologist
   268 | D        | Reached **** piety under Trog
   268 | D        | Reached skill level 17 in Unarmed Combat
   268 | D        | Reached XP level 8. HP: 74/74 MP: 7/7
   327 | D        | Noticed a centaur warrior
   329 | D        | Noticed a centaur warrior
   334 | D        | Killed a centaur warrior
   334 | D        | Reached skill level 18 in Unarmed Combat
   335 | D        | Killed a centaur warrior
   335 | D        | Reached skill level 19 in Unarmed Combat
   335 | D        | Reached XP level 9. HP: 80/80 MP: 8/8
   362 | D        | Noticed a deep troll
   364 | D        | Killed a deep troll
   364 | D        | Reached skill level 20 in Unarmed Combat
   427 | D        | Noticed Sonja
   435 | D        | Killed Sonja
   435 | D        | Reached ***** piety under Trog
   470 | D        | Found Xegorghi's Antique Weapon Boutique.
   481 | D        | Noticed a shining eye
   481 | D        | Noticed a shining eye
   481 | D        | Noticed a shining eye
   481 | D        | Noticed a shining eye
   481 | D        | Noticed a shining eye
   481 | D        | Noticed a shining eye
   483 | D        | Gained mutation: You are frail. (-10% HP) [a shining eye]
   483 | D        | Paralysed by a floating eye for 2 turns
   489 | D        | Killed a shining eye
   489 | D        | Reached skill level 21 in Unarmed Combat
   489 | D        | Reached XP level 10. HP: 79/79 MP: 9/9
   489 | D        | Paralysed by a floating eye for 2 turns
   494 | D        | Gained mutation: You expend magic power (3 MP) to strengthen your wands. [a shining eye]
   495 | D        | Killed a shining eye
   498 | D        | Killed a shining eye
   499 | D        | Paralysed by a floating eye for 4 turns
   501 | D        | Gained mutation: Scrolls take you a little longer to read. [a shining eye]
   502 | D        | Gained mutation: You tend to lose your temper in combat. [a shining eye]
   503 | D        | Gained mutation: Your magical capacity is low. (-10% MP) [a shining eye]
   504 | D        | Killed a shining eye
   504 | D        | Reached skill level 22 in Unarmed Combat
   506 | D        | Killed a shining eye
   507 | D        | Received a gift from Trog
   510 | D        | Killed a shining eye
   513 | D        | Noticed a shining eye
   513 | D        | Noticed a shining eye
   513 | D        | Gained mutation: Your body sometimes deteriorates upon taking damage. [a shining eye]
   517 | D        | Gained mutation: Your body often deteriorates upon taking damage. [a shining eye]
   517 | D        | Gained mutation: Your spells are a little easier to cast, but a little less powerful. [a shining eye]
   518 | D        | Gained mutation: You are weak. (Str -2) [a shining eye]
   519 | D        | Killed a shining eye
   519 | D        | Reached skill level 23 in Unarmed Combat
   520 | D        | Gained mutation: You often lose your temper in combat. [a shining eye]
   523 | D        | Gained mutation: You are very weak. (Str -4) [a shining eye]
   524 | D        | Killed a shining eye
   524 | D        | Reached ****** piety under Trog
   558 | D        | Found Riba Gai's Armour Emporium.
   594 | D        | Noticed an oklob plant
   598 | D        | Killed an oklob plant
   604 | D        | Reached XP level 11. HP: 84/84 MP: 8/8
   695 | D        | HP: 2/84 [something (9)]
   699 | D        | Killed an unseen horror
   699 | D        | Received a gift from Trog
   700 | D        | HP: 5/126 [something (2)]
   702 | D        | HP: 2/126 [something (1)]
   703 | D        | Killed an unseen horror
   703 | D        | Reached skill level 24 in Unarmed Combat
   840 | D        | Received a gift from Trog
   895 | D        | Found Efuadeiq's Jewellery Shoppe.
   895 | D        | Found Icsyamn's Food Shop.
   895 | D        | Found Geigicsa's Antique Weapon Boutique.
   897 | D        | Found Foebad's Assorted Antiques.
   897 | D        | Found Bul Fuchu's Weapon Shop.
   897 | D        | Found Ixkihote's Magic Scroll Shoppe.
   897 | D        | Found Muetacw's Armour Boutique.
   897 | D        | Found Det Safisk's Distillery.
   897 | D        | Found Kailin's Food Shop.
   897 | D        | Found Otaesm's Magic Scroll Shoppe.
   899 | D        | Bought a meat ration for 60 gold pieces
   904 | D        | Found Nesofoar's Distillery.
   905 | D        | Found Lyafoc's Jewellery Emporium.
   905 | D        | Found Oteafipn's Jewellery Boutique.
   906 | D        | Found Mesen's General Store.
   909 | D        | Bought a potion of cure mutation for 350 gold pieces
   909 | D        | Lost mutation: Your body often deteriorates upon taking damage. [potion of cure mutation]
   909 | D        | Lost mutation: Your magical capacity is low. (-10% MP) [potion of cure mutation]
   909 | D        | Lost mutation: You expend magic power (3 MP) to strengthen your wands. [potion of cure mutation]
   909 | D        | Lost mutation: You are frail. (-10% HP) [potion of cure mutation]
   915 | D        | Bought a +3 ring of strength for 172 gold pieces
   923 | D        | Bought a +1 robe of magic resistance for 127 gold pieces
   928 | D        | Bought an uncursed amulet of regeneration for 330 gold pieces
   988 | D        | Received a gift from Trog
  1066 | D        | Noticed a lindwurm
  1072 | D        | Killed a lindwurm
  1072 | D        | Reached skill level 25 in Unarmed Combat
  1085 | D        | Received a gift from Trog
  1090 | D        | Received a gift from Trog
  1109 | D        | Received a gift from Trog
  1219 | D        | Noticed a daeva
  1227 | D        | Noticed an unseen horror
  1227 | D        | Noticed an unseen horror
  1229 | D        | Killed an unseen horror
  1230 | D        | Noticed an unseen horror
  1231 | D        | Noticed an unseen horror
  1232 | D        | Killed from afar by a daeva

Skill      XL: |  1  2  3  4  5  6  7  8  9 10 11 |
---------------+----------------------------------+-----
Unarmed Combat | 6 9 12 15 17 19 21 23 25 | 25.9
Fighting       | |  2.4
Dodging        | |  2.4

Action                   |  1- 3 |  4- 6 |  7- 9 | 10-12 || total
-------------------------+-------+-------+-------+-------++-------
Melee: Unarmed           |     7 |    25 |    27 |   132 ||   191
       Punch             |     1 |       |       |    12 ||    13
Invok: Berserk           |     1 |     1 |     4 |     6 ||    12
       Trog's Hand       |       |       |     3 |     2 ||     5
  Use: Potion            |       |       |     1 |     4 ||     5
       Scroll            |       |       |       |     1 ||     1
  Eat: Bread ration      |       |       |     2 |     1 ||     3
       Chunk             |       |       |       |     2 ||     2
       Meat ration       |       |       |       |     1 ||     1
Armor: Animal skin       |     2 |     2 |     3 |    18 ||    25
Dodge: Dodged            |       |     5 |    10 |    45 ||    60
